 Dungeon Crawl Stone Soup version 0.23.1-37-gaa34b87b72 (webtiles) character file.

Game seed: 5464573220433541418

102 Freyura the Twirler (level 4, -2/28 HPs)
             Began as a Gargoyle Gladiator on Mar 24, 2019.
             Slain by a centaur skeleton (4 damage)
             ... on level 4 of the Dungeon.
             The game lasted 00:07:44 (2436 turns).

Freyura the Twirler (Gargoyle Gladiator)            Turns: 2436, Time: 00:07:44

Health: -2/28      AC: 14    Str: 19    XL:     4   Next: 78%
Magic:  4/4        EV: 10    Int:  9    God:
Gold:   185        SH:  0    Dex: 12    Spells: 3/3 levels left

rFire    x . .     SeeInvis .   a - +0 quarterstaff
rCold    + + .     Gourm    .   (shield currently unavailable)
rNeg     + . .     Faith    .   l - +0 ice dragon scales (curse)
rPois    ∞         Spirit   .   c - +0 helmet
rElec    +         Reflect  .   (no cloak)
rCorr    .         Harm     .   (no gloves)
MR       .....                  (no boots)
Stlth    ..........             e - amulet of magic regeneration
HPRegen  0.09/turn              n - +2 ring of strength
MPRegen  0.34/turn              (no ring)

@: no status effects
A: negative energy resistance 1, electricity resistance, unbreathing,
petrification resistance, rot immunity, AC +3
a: no special abilities


You were on level 4 of the Dungeon.
You were hungry.

You visited 1 branch of the dungeon, and saw 4 of its levels.

You collected 185 gold pieces.

Inventory:

Hand Weapons
 a - a +0 quarterstaff (weapon)
Missiles
 d - 3 throwing nets (quivered)
Armour
 b - a +0 leather armour
 c - a +0 helmet (worn)
 g - a +0 chain mail
 l - cursed +0 ice dragon scales (worn)
Jewellery
 e - an amulet of magic regeneration (around neck)
 n - a +2 ring of strength (left hand)
 o - a cursed ring of magical power {unknown}
 u - a +5 ring of dexterity {unknown}
Scrolls
 h - 2 scrolls of enchant armour {unknown}
 i - 2 scrolls of magic mapping {unknown}
 p - a scroll of identify {unknown}
 r - a scroll of fear {unknown}
 s - a scroll of amnesia {unknown}
 v - a scroll of enchant weapon {unknown}
Potions
 j - 2 potions of flight {unknown}
 k - a potion of degeneration {unknown}
 m - a potion of resistance {unknown}
 q - a potion of curing {unknown}
 t - a potion of magic {unknown}
Comestibles
 f - 8 rations


   Skills:
 + Level 3.2 Fighting
 * Level 4.3 Staves
 - Level 1.7 Throwing
 + Level 2.0 Armour
 - Level 2.4 Dodging


You had 3 spell levels left.
You didn't know any spells.
Your spell library was empty.

Dungeon Overview and Level Annotations

Branches:
Dungeon (4/15)
 Temple: D:4-7

Altars:
Fedhas
Gozag
Qazlal
Vehumet

Shops:
D:2 *


Innate Abilities, Weirdness & Mutations

You are resistant to torment.
Your stone body is resilient. (AC +3)
You are immune to poison.
You resist negative energy. (rN+)
You are resistant to electric shocks. (rElec)
You can survive without breathing.
You are immune to petrification.
You are immune to rotting.


Message History

You are too injured to fight recklessly!
You are too injured to fight recklessly!
You are too injured to fight recklessly!
You are too injured to fight recklessly!
You are too injured to fight recklessly!
You are too injured to fight recklessly!
The ogre hits you with a +0 giant spiked club!
* * * LOW HITPOINT WARNING * * *
The centaur skeleton barely misses you.
You hit the centaur skeleton.
The centaur skeleton is lightly damaged.
The centaur skeleton hits you but does no damage. x2
You hit the centaur skeleton.
The centaur skeleton is moderately damaged.
The centaur skeleton hits you.
* * * LOW HITPOINT WARNING * * *
You hit the centaur skeleton.
The centaur skeleton is heavily damaged.
The centaur skeleton hits you.
You die...

#....?..###
#.......#.
........
......# .....#
####.#.##
#.......#.#.
###.##.#......
#..@ZOZ.#Z####
#.#####.#.# #
#.#.# #.#.# #
#...#
#.#####.###
#.......#####
####.<......#
#..#####.#


You could see an ogre, a leopard gecko skeleton and a centaur skeleton.

Vanquished Creatures
  Jessica (D:3)
  4 gnolls
  A giant cockroach (D:2)
  7 goblins
  7 hobgoblins
  2 kobolds (D:1)
  A quokka (D:3)
  8 bats
  2 frilled lizards
  5 rats
38 creatures vanquished.

Notes
Turn   | Place    | Note
-------+----------+-------------------------------------------
     0 | D:1      | Freyura the Gargoyle Gladiator began the quest for the Orb.
     0 | D:1      | Reached XP level 1. HP: 12/12 MP: 1/1
   162 | D:1      | Reached XP level 2. HP: 18/18 MP: 2/2
   332 | D:1      | Reached skill level 1 in Armour
   381 | D:1      | Reached XP level 3. HP: 17/22 MP: 3/3
   729 | D:2      | Found Gozag's Platinum Reserve.
   752 | D:2      | Reached skill level 4 in Staves
   752 | D:2      | Reached XP level 4. HP: 5/27 MP: 4/4
  1053 | D:2      | Found an opulent altar of Gozag.
  1077 | D:2      | Found a faded altar of an unknown god.
  1474 | D:2      | Found a blossoming altar of Fedhas.
  1478 | D:2      | Found a stormy altar of Qazlal.
  1919 | D:3      | Found a radiant altar of Vehumet.
  1934 | D:3      | Noticed Jessica
  1947 | D:3      | Killed Jessica
  2423 | D:4      | Noticed an ogre
  2436 | D:4      | Slain by a centaur skeleton

Skill      XL: |  1  2  3  4 |
---------------+-------------+-----
Armour         | 1 2 |  2.0
Staves         | 4 |  4.3
Fighting       | 3 |  3.2
Throwing       | |  1.7
Dodging        | |  2.4

Action                   |  1- 3 |  4- 6 || total
-------------------------+-------+-------++-------
Melee: Quarterstaff      |    60 |    60 ||   120
  Use: Scroll            |     2 |       ||     2
 Stab: Sleeping          |     1 |       ||     1
  Eat: Chunk             |       |     4 ||     4
Armor: Leather armour    |    10 |       ||    10
       Chain mail        |    23 |       ||    23
       Ice dragon scales |    11 |    37 ||    48
Dodge: Dodged            |    36 |    24 ||    60
